 Dungeon Crawl Stone Soup version 0.29.0-15-g675c0067aa (webtiles) character file.

Game seed: 14727928302171594781

10647 qw the Severer (level 11, 0/145 HPs)
             Began as a Minotaur Berserker on Sept 12, 2022.
             Was an Elder of Trog.
             Succumbed to Sonja's curare-tipped dart
             ... on level 10 of the Dungeon.
             The game lasted 00:03:37 (10202 turns).

qw the Severer (Minotaur Berserker)                Turns: 10202, Time: 00:03:37

Health: 0/145      AC: 15    Str: 27    XL:     11   Next: 38%
Magic:  10/10      EV:  8    Int:  7    God:    Trog [****..]
Gold:   355        SH:  8    Dex:  9    Spells: 10/10 levels left

rFire   + . .      SeeInvis .   Y - +0 war axe
rCold   + . .      Faith    .   r - +3 buckler "Melibo" {rElec Int+3}
rNeg    . . .      Spirit   .   h - +0 plate armour
rPois   .          Reflect  .   (helmet restricted)
rElec   +          Harm     .   l - scarf {rC+ rF+}
rCorr   .          Rampage  .   d - +0 pair of gloves
Will    +....                   (no boots)
Stlth   ..........              c - amulet of regeneration
HPRegen 1.14/turn               f - ring of willpower
MPRegen 0.12/turn               (no ring)

@: berserking (expiring), lethally poisoned (0 -> -3), slowed
A: horns 2, retaliatory headbutt
a: Renounce Religion, Berserk, Trog's Hand, Brothers in Arms


You were on level 10 of the Dungeon.
You worshipped Trog.
Trog was greatly pleased with you.
You visited 1 branch of the dungeon, and saw 10 of its levels.

You collected 355 gold pieces.


Innate Abilities, Weirdness & Mutations

You have a pair of horns on your head.
You reflexively headbutt those who attack you in melee.


   Skills:
 + Level 9.4 Fighting
 - Level 16.0 Axes
 - Level 4.9 Throwing
 - Level 8.1 Armour
 - Level 3.0 Dodging
 - Level 6.0 Shields


You had 10 spell levels left.
You didn't know any spells.
Your spell library was empty.

Inventory:

Hand Weapons
 u - a +1 demon whip of venom
 Y - a +0 war axe (weapon)
Missiles
 n - a silver javelin (quivered)
Armour
 b - a +0 cloak
 d - a +0 pair of gloves (worn)
 h - a +0 plate armour (worn)
 l - a scarf of resistance (worn)
 r - the +3 buckler "Melibo" (worn) {rElec Int+3}
   (You acquired it on level 7 of the Dungeon)

   Int:       It affects your intelligence (+3).
   rElec:     It insulates you from electricity.
Jewellery
 c - an amulet of regeneration (around neck)
 f - a ring of willpower (left hand)
Wands
 s - a wand of digging (4)
Scrolls
 a - a scroll of identify
 e - 6 scrolls of teleportation
Potions
 g - 2 potions of mutation
 i - 3 potions of curing
 j - a potion of resistance
 k - 5 potions of might
 m - a potion of haste
 p - 2 potions of heal wounds

Dungeon Overview and Level Annotations

Branches:
Dungeon (10/15)            Temple (0/1) D:6
   Lair: D:8-11         Orc: D:9-12

Altars:
Ashenzari
Elyvilon
Gozag
Hepliaklqana
Nemelex Xobeh
Okawaru
Qazlal
Uskayaw
Xom
Zin
The Shining One

Shops:
D:6 =

Annotations:
D:5 1 runed translucent door, qw's ghost, weakling GrDe
D:8 2 transporters
D:10 Sonja


Message History

You block the yak's attack. The yak gores you but does no damage.
You block the yak's attack.
You hit the yak.
You feel the power of Trog in you as your rage grows.
You kill the yak!
Trog accepts your kill.
You slash the yak! x2
You feel very sick.
Your Armour skill increases to level 8!
You barely miss the yak.
The yak is severely wounded.
You slash the yak! You slash Sonja!
You feel very sick.
Sonja gestures wildly while chanting.
Sonja blinks!
The yak gores you! You block the yak's attack.
You slice the yak!!
You kill the yak!
Trog accepts your kill.
You slice the yak!!
You kill the yak!
Trog accepts your kill.
You slash the yak!
You feel very sick.
Sonja throws a curare-tipped dart.
The curare-tipped dart hits you.
You are more poisoned.
You have difficulty breathing.
You feel as though you will be slow longer.
The yak completely misses you.
You slash the yak!
The yak is almost dead.
You feel very sick.
Sonja drinks a potion.
Sonja is healed!
You slash the yak!
You feel the power of Trog in you as your rage grows.
You kill the yak!
Trog accepts your kill.
You feel very sick.
You feel very sick.
You completely miss Sonja.
You die...

....8.. ## .......
..##### ....... .......
....... ....... .......
......
#....################..
#...#..............#..
#.)%..............#..
##.#@K)...#####...#..
###....^.# #.###..
####...# #.#.... #...#
#.'.... #...# #.#....
#...# +.#..## #...#
#.#..# #.+..# ..#.~.


You could see Sonja.

Vanquished Creatures
  Erolcha (D:9)
  Amaemon (D:8)
  Maurice (D:7)
  An orange demon (D:8)
  Maggie (D:7)
  A wyvern (D:4)
  33 yaks
  A steam dragon (D:6)
  Menkaure (D:7)
  Edmund (D:6)
  Duvessa (D:7)
  2 water moccasins
  2 orc warriors (D:8)
  A sky beast (D:7)
  An ice beast (D:5)
  A black bear (D:5)
  3 ogres
  2 centaurs
  A phantom (D:5)
  2 kobold brigands (D:8)
  2 bullfrogs (D:8)
  2 necrophages
  2 scorpions
  A gnoll sergeant (D:5)
  4 wights (D:8)
  Dowan (D:7)
  5 killer bees
  5 electric eels (D:6)
  A gnoll bouda (D:7)
  4 hounds
  2 orc priests
  3 jellies
  4 iguanas
  5 orc wizards
  13 gnolls
  5 adders
  2 shadow imps
  3 white imps
  2 ufetubi
  3 worms
  5 dart slugs
  21 orcs
  4 endoplasms
  2 giant cockroaches (D:2)
  9 goblins
  6 hobgoblins
  11 jackals
  6 quokkas
  6 ball pythons
  A bat (D:3)
  2 frilled lizards
  16 kobolds
  5 rats
221 creatures vanquished.

Vanquished Creatures (others)
  16 plants (D:6)
16 creatures vanquished.

Grand Total: 237 creatures vanquished

Notes
Turn   | Place    | Note
-------+----------+-------------------------------------------
     0 | D:1      | qw the Minotaur Berserker began the quest for the Orb.
     0 | D:1      | Reached XP level 1. HP: 19/19 MP: 0/0
     0 | D:1      | 0 ||| qw: Version: 0.1-a-119-g272c26d
     0 | D:1      | 0 ||| qw: Game counter: 11001
     0 | D:1      | 0 ||| qw: Always use a shield: true
     0 | D:1      | 0 ||| qw: Do Orc after D:15 true
     0 | D:1      | 0 ||| qw: Do second Lair branch before Depths: true
     0 | D:1      | 0 ||| qw: Lair rune preference: random
     0 | D:1      | 0 ||| qw: Plans: Normal
     0 | D:1      | 0 ||| PLANNING D:1-11
   112 | D:1      | 112 ||| Stepping ~*~*~tactically~*~*~ (hiding).
   119 | D:1      | Reached skill level 4 in Axes
   119 | D:1      | 119 ||| Stepping ~*~*~tactically~*~*~ (hiding).
   134 | D:1      | 134 ||| Stepping ~*~*~tactically~*~*~ (stealth).
   140 | D:1      | Reached XP level 2. HP: 26/26 MP: 1/1
   141 | D:1      | 141 ||| Stepping ~*~*~tactically~*~*~ (stealth).
   144 | D:1      | 144 ||| Stepping ~*~*~tactically~*~*~ (stealth).
   295 | D:1      | 295 ||| Stepping ~*~*~tactically~*~*~ (stealth).
   299 | D:1      | 299 ||| Stepping ~*~*~tactically~*~*~ (stealth).
   315 | D:1      | 315 ||| Stepping ~*~*~tactically~*~*~ (stealth).
   317 | D:1      | 317 ||| Stepping ~*~*~tactically~*~*~ (stealth).
   319 | D:1      | 319 ||| Stepping ~*~*~tactically~*~*~ (stealth).
   369 | D:1      | Reached skill level 5 in Axes
   582 | D:1      | 582 ||| UPGRADING to +0 pair of gloves.
   587 | D:1      | 587 ||| UPGRADING to +0 ring mail.
   597 | D:1      | 597 ||| DROPPING +0 animal skin.
   598 | D:1      | 598 ||| UPGRADING to +0 plate armour.
   608 | D:1      | 608 ||| DROPPING +0 ring mail.
   609 | D:1      | 609 ||| UPGRADING to scarf of resistance.
   614 | D:1      | 614 ||| UPGRADING to ring of willpower.
   615 | D:1      | 615 ||| READING 2 scrolls labelled ARHOEKKISSE.
   616 | D:1      | 616 ||| READING scroll labelled XUUSYSEXOWE.
   617 | D:1      | 617 ||| DRINKING 2 yellow potions.
   722 | D:1      | 722 ||| DROPPING potion of berserk rage.
   745 | D:2      | 745 ||| STAIRDANCE
   755 | D:2      | 755 ||| INVOKING Berserk.
   758 | D:2      | Reached XP level 3. HP: 31/31 MP: 2/2
   762 | D:2      | 762 ||| STAIRDANCE
   876 | D:2      | 876 ||| DROPPING +0 club.
   963 | D:2      | Reached ** piety under Trog
  1044 | D:2      | Identified the +11 dagger of the Original Sin {venom, Drain
                  | rC++ Will+}
  1101 | D:2      | Found the +8 trident of the Octopus King {venom, rElec
                  | rPois}
  1499 | D:2      | 1499 ||| INVOKING Berserk.
  1649 | D:2      | 1649 ||| READING scroll of enchant weapon.
  1649 | D:2      | 1649 ||| ENCHANTING +1 hand axe.
  1903 | D:2      | 1903 ||| UPGRADING to amulet of regeneration.
  1908 | D:2      | 1908 ||| READING scroll labelled ZOKUKIZYTE.
  1911 | D:2      | 1911 ||| READING scroll labelled YREUKO NYNLIMO.
  1912 | D:2      | 1912 ||| READING scroll labelled FEKEMA VONKORCH.
  1913 | D:2      | 1913 ||| READING scroll labelled KOYRPH XITYDIBB.
  1914 | D:2      | 1914 ||| DRINKING 3 glowing clear potions.
  1915 | D:2      | 1915 ||| DROPPING 2 potions of degeneration.
  1916 | D:2      | 1916 ||| Stepping randomly (stuck).
  1917 | D:2      | 1917 ||| Stepping ~*~*~tactically~*~*~ (cloud).
  1987 | D:3      | 1987 ||| STAIRDANCE
  1996 | D:3      | 1996 ||| STAIRDANCE
  2007 | D:3      | 2007 ||| STAIRDANCE
  2012 | D:2      | Reached skill level 6 in Axes
  2012 | D:2      | Reached XP level 4. HP: 31/39 MP: 3/3
  2036 | D:3      | 2036 ||| READING scroll of enchant weapon.
  2036 | D:3      | 2036 ||| ENCHANTING +2 hand axe.
  2242 | D:3      | 2242 ||| Stepping ~*~*~tactically~*~*~ (stealth).
  2244 | D:3      | 2244 ||| Stepping ~*~*~tactically~*~*~ (hiding).
  2245 | D:3      | 2245 ||| Stepping ~*~*~tactically~*~*~ (hiding).
  2262 | D:3      | 2262 ||| Stepping ~*~*~tactically~*~*~ (stealth).
  2263 | D:3      | 2263 ||| Stepping ~*~*~tactically~*~*~ (stealth).
  2264 | D:3      | 2264 ||| Stepping ~*~*~tactically~*~*~ (stealth).
  2265 | D:3      | 2265 ||| Stepping ~*~*~tactically~*~*~ (stealth).
  2266 | D:3      | 2266 ||| Stepping ~*~*~tactically~*~*~ (stealth).
  2296 | D:3      | 2296 ||| INVOKING Berserk.
  2317 | D:3      | 2317 ||| Stepping ~*~*~tactically~*~*~ (stealth).
  2482 | D:3      | Found a faded altar of an unknown god.
  2791 | D:3      | 2791 ||| READING scroll labelled PONUL XYONWIAN.
  2792 | D:3      | 2792 ||| DRINKING 2 clear potions.
  2793 | D:3      | 2793 ||| READING 3 scrolls of identify.
  2793 | D:3      | 2793 ||| IDENTIFYING murky pink potion
  2794 | D:3      | 2794 ||| READING 2 scrolls of identify.
  2794 | D:3      | 2794 ||| IDENTIFYING amethyst potion
  2795 | D:3      | 2795 ||| DROPPING potion of flight.
  2821 | D:4      | Noticed a wyvern
  2829 | D:4      | 2829 ||| INVOKING Berserk.
  2832 | D:4      | HP: 13/58 [wyvern (8)]
  2834 | D:4      | Killed a wyvern
  2835 | D:4      | Reached skill level 8 in Axes
  2835 | D:4      | Reached XP level 5. HP: 17/45 MP: 4/4
  2837 | D:4      | Reached XP level 6. HP: 21/51 MP: 5/5
  2978 | D:4      | 2978 ||| Stepping ~*~*~tactically~*~*~ (hiding).
  3172 | D:4      | Found an opulent altar of Gozag.
  3212 | D:4      | Reached skill level 3 in Armour
  3238 | D:4      | 3238 ||| SWAPPING to +0 war axe.
  3244 | D:4      | 3244 ||| DROPPING +3 hand axe.
  3317 | D:4      | 3317 ||| Stepping ~*~*~tactically~*~*~ (stealth).
  3334 | D:4      | 3334 ||| FLEEEEING.
  3336 | D:4      | 3336 ||| FLEEEEING.
  3337 | D:4      | 3337 ||| FLEEEEING.
  3340 | D:4      | 3340 ||| FLEEEEING.
  3618 | D:4      | 3618 ||| READING scroll labelled WIHODI MUESO.
  3619 | D:4      | 3619 ||| READING scroll labelled ZIUTERH YLOZYA.
  3620 | D:4      | 3620 ||| DRINKING 2 lumpy pink potions.
  3621 | D:4      | 3621 ||| READING 3 scrolls of identify.
  3621 | D:4      | 3621 ||| IDENTIFYING fuming cyan potion
  3622 | D:4      | 3622 ||| READING 2 scrolls of identify.
  3622 | D:4      | 3622 ||| IDENTIFYING viscous purple potion
  3623 | D:4      | 3623 ||| DROPPING potion of magic.
  3624 | D:4      | 3624 ||| DROPPING potion of invisibility.
  3644 | D:5      | Entered Level 5 of the Dungeon
  3652 | D:5      | 3652 ||| Stepping ~*~*~tactically~*~*~ (hiding).
  3797 | D:5      | 3797 ||| INVOKING Berserk.
  3799 | D:5      | Reached skill level 9 in Axes
  4047 | D:5      | Reached XP level 7. HP: 58/59 MP: 6/6
  4050 | D:5      | 4050 ||| INVOKING Berserk.
  4187 | D:5      | 4187 ||| Stepping ~*~*~tactically~*~*~ (stealth).
  4192 | D:5      | 4192 ||| Stepping ~*~*~tactically~*~*~ (stealth).
  4193 | D:5      | 4193 ||| INVOKING Berserk.
  4200 | D:5      | Found a hide-covered altar of Uskayaw.
  4206 | D:5      | Reached *** piety under Trog
  4210 | D:5      | Reached skill level 10 in Axes
  4266 | D:5      | Found a sparkling altar of Nemelex Xobeh.
  4382 | D:5      | Reached skill level 6 in Fighting
  4382 | D:5      | Reached XP level 8. HP: 71/71 MP: 7/7
  4534 | D:5      | Noticed qw's ghost (weakling GrDe)
  4535 | D:5      | Found a runed translucent door.
  4563 | D:5      | 4563 ||| INVOKING Berserk.
  4723 | D:5      | 4723 ||| DROPPING ring of flight.
  4724 | D:5      | 4724 ||| DRINKING 3 fuming white potions.
  4725 | D:5      | 4725 ||| READING 2 scrolls of identify.
  4725 | D:5      | 4725 ||| IDENTIFYING smoky puce potion
  4726 | D:5      | 4726 ||| DROPPING potion of ambrosia.
  4768 | D:6      | Found Jeiq's Jewellery Shop.
  4776 | D:6      | 4776 ||| SHOPLISTING +6 ring of dexterity (432 gold, have
                  | 159).
  4776 | D:6      | 4776 ||| SHOPLISTING ring "Vetzyset" {rF- rC++ Str+6 Dex+4}
                  | (742 gold, have 159).
  4776 | D:6      | 4776 ||| SHOPLISTING ring of positive energy (240 gold,
                  | have 159).
  4776 | D:6      | 4776 ||| SHOPLISTING ring of protection from fire (300
                  | gold, have 159).
  4776 | D:6      | 4776 ||| SHOPLISTING ring of resist corrosion (240 gold,
                  | have 159).
  4823 | D:6      | 4823 ||| INVOKING Berserk.
  4858 | D:6      | 4858 ||| INVOKING Berserk.
  4866 | D:6      | Reached skill level 11 in Axes
  5144 | D:6      | 5144 ||| DROPPING +0 whip.
  5149 | D:6      | Found a staircase to the Ecumenical Temple.
  5196 | D:6      | 5196 ||| Stepping ~*~*~tactically~*~*~ (hiding).
  5197 | D:6      | 5197 ||| Stepping ~*~*~tactically~*~*~ (hiding).
  5321 | D:6      | 5321 ||| INVOKING Berserk.
  5337 | D:6      | HP: 16/71 [electric eel/bolt of electricity (9)]
  5338 | D:6      | 5338 ||| READING 7 scrolls of teleportation.
  5338 | D:6      | HP: 6/71 [electric eel/bolt of electricity (4)]
  5471 | D:6      | 5471 ||| INVOKING Berserk.
  5475 | D:6      | HP: 25/106 [electric eel/bolt of electricity (16)]
  5675 | D:6      | Noticed Edmund
  5678 | D:6      | 5678 ||| Stepping ~*~*~tactically~*~*~ (water).
  5679 | D:6      | 5679 ||| INVOKING Berserk.
  5680 | D:6      | Killed Edmund
  5681 | D:6      | Reached skill level 12 in Axes
  5790 | D:6      | 5790 ||| DROPPING +0 flail.
  5801 | D:6      | 5801 ||| INVOKING Berserk.
  6016 | D:6      | Reached XP level 9. HP: 78/78 MP: 8/8
  6186 | D:6      | 6186 ||| READING scroll labelled FAFFUEHYUMM.
  6187 | D:6      | 6187 ||| READING scroll labelled OKOIMY DIPROH.
  6248 | D:7      | 6248 ||| INVOKING Berserk.
  6250 | D:7      | Reached skill level 1 in Throwing
  6405 | D:7      | Noticed Dowan
  6408 | D:7      | Noticed Duvessa
  6409 | D:7      | 6409 ||| INVOKING Berserk.
  6415 | D:7      | Killed Duvessa
  6422 | D:7      | Killed Dowan
  6616 | D:7      | 6616 ||| Stepping ~*~*~tactically~*~*~ (hiding).
  6651 | D:7      | 6651 ||| Stepping ~*~*~tactically~*~*~ (stealth).
  6678 | D:7      | Reached skill level 3 in Throwing
  6725 | D:7      | Noticed Menkaure
  6726 | D:7      | 6726 ||| Stepping ~*~*~tactically~*~*~ (hiding).
  6730 | D:7      | 6730 ||| INVOKING Berserk.
  6731 | D:7      | Killed Menkaure
  6732 | D:7      | Reached skill level 6 in Armour
  6905 | D:7      | Noticed Maggie
  6914 | D:7      | Killed Maggie
  6934 | D:7      | Found a stormy altar of Qazlal.
  7051 | D:7      | 7051 ||| Stepping ~*~*~tactically~*~*~ (hiding).
  7054 | D:7      | 7054 ||| INVOKING Berserk.
  7234 | D:7      | Found a glowing silver altar of Zin.
  7298 | D:7      | 7298 ||| READING 2 scrolls labelled TEOHIONACW.
  7299 | D:7      | 7299 ||| READING scroll labelled HONYOLEAGA.
  7299 | D:7      | Identified a scroll of acquirement
  7299 | D:7      | 7299 ||| ACQUIRING +3 buckler "Melibo" {rElec Int+3}
  7299 | D:7      | Acquired the +3 buckler "Melibo" {rElec Int+3}
  7301 | D:7      | 7301 ||| UPGRADING to +3 buckler "Melibo" {rElec Int+3}.
  7306 | D:7      | 7306 ||| DRINKING 2 puce potions.
  7307 | D:7      | 7307 ||| READING 4 scrolls of identify.
  7307 | D:7      | 7307 ||| IDENTIFYING grey potion
  7308 | D:7      | 7308 ||| READING 3 scrolls of identify.
  7308 | D:7      | 7308 ||| IDENTIFYING cyan potion
  7309 | D:7      | 7309 ||| DROPPING scroll of immolation.
  7310 | D:7      | 7310 ||| DROPPING potion of lignification.
  7311 | D:7      | 7311 ||| DROPPING potion of brilliance.
  7318 | D:8      | Noticed Maurice
  7320 | D:8      | Paralysed by Maurice for 4 turns
  7330 | D:8      | 7330 ||| STAIRDANCE
  7355 | D:7      | Paralysed by something for 2 turns
  7359 | D:7      | Killed Maurice
  7396 | D:8      | 7396 ||| INVOKING Berserk.
  7398 | D:8      | Reached skill level 13 in Axes
  7523 | D:8      | Found a transporter.
  7629 | D:8      | 7629 ||| Stepping ~*~*~tactically~*~*~ (stealth).
  7632 | D:8      | 7632 ||| Stepping ~*~*~tactically~*~*~ (stealth).
  7651 | D:8      | Reached XP level 10. HP: 53/88 MP: 9/9
  7738 | D:8      | Reached skill level 14 in Axes
  7791 | D:8      | Noticed Amaemon
  7791 | D:8      | Noticed an orange demon
  7793 | D:8      | 7793 ||| INVOKING Berserk.
  7799 | D:8      | Killed Amaemon
  7805 | D:8      | Killed an orange demon
  7918 | D:8      | 7918 ||| DROPPING +3 vorpal flail.
  7924 | D:8      | 7924 ||| Stepping ~*~*~tactically~*~*~ (stealth).
  7929 | D:8      | 7929 ||| Stepping ~*~*~tactically~*~*~ (stealth).
  7930 | D:8      | 7930 ||| Stepping ~*~*~tactically~*~*~ (stealth).
  7937 | D:8      | Reached **** piety under Trog
  7944 | D:8      | Reached skill level 15 in Axes
  7946 | D:8      | 7946 ||| INVOKING Berserk.
  8076 | D:8      | 8076 ||| Stepping ~*~*~tactically~*~*~ (stealth).
  8078 | D:8      | 8078 ||| Stepping ~*~*~tactically~*~*~ (stealth).
  8116 | D:8      | 8116 ||| FLEEEEING.
  8117 | D:8      | 8117 ||| FLEEEEING.
  8118 | D:8      | 8118 ||| FLEEEEING.
  8119 | D:8      | 8119 ||| FLEEEEING.
  8120 | D:8      | 8120 ||| FLEEEEING.
  8131 | D:8      | 8131 ||| FLEEEEING.
  8132 | D:8      | 8132 ||| FLEEEEING.
  8133 | D:8      | 8133 ||| FLEEEEING.
  8134 | D:8      | 8134 ||| FLEEEEING.
  8135 | D:8      | 8135 ||| FLEEEEING.
  8136 | D:8      | 8136 ||| FLEEEEING.
  8137 | D:8      | 8137 ||| FLEEEEING.
  8138 | D:8      | 8138 ||| FLEEEEING.
  8140 | D:8      | 8140 ||| FLEEEEING.
  8141 | D:8      | 8141 ||| FLEEEEING.
  8148 | D:8      | 8148 ||| FLEEEEING.
  8163 | D:8      | Reached skill level 9 in Fighting
  8410 | D:8      | Found a transporter.
  8473 | D:8      | 8473 ||| Stepping ~*~*~tactically~*~*~ (stealth).
  8474 | D:8      | 8474 ||| Stepping ~*~*~tactically~*~*~ (stealth).
  8485 | D:8      | 8485 ||| Stepping ~*~*~tactically~*~*~ (water).
  8599 | D:8      | 8599 ||| INVOKING Berserk.
  8801 | D:8      | 8801 ||| DROPPING amulet of guardian spirit.
  8802 | D:8      | 8802 ||| READING scroll labelled REGO BUTODI.
  8803 | D:8      | 8803 ||| READING 2 scrolls of identify.
  8803 | D:8      | 8803 ||| IDENTIFYING glowing pink potion
  8846 | D:9      | 8846 ||| STAIRDANCE
  8869 | D:9      | 8869 ||| STAIRDANCE
  8877 | D:8      | Reached XP level 11. HP: 96/97 MP: 10/10
  8880 | D:9      | 8880 ||| STAIRDANCE
  8893 | D:9      | 8893 ||| STAIRDANCE
  8918 | D:9      | 8918 ||| Stepping ~*~*~tactically~*~*~ (stealth).
  8969 | D:9      | Noticed Erolcha
  8970 | D:9      | 8970 ||| INVOKING Trog's Hand.
  9006 | D:9      | Killed Erolcha
  9007 | D:9      | Reached skill level 16 in Axes
  9087 | D:9      | Found a glowing golden altar of the Shining One.
  9112 | D:9      | Reached skill level 6 in Shields
  9249 | D:9      | Found an iron altar of Okawaru.
  9299 | D:9      | Found a white marble altar of Elyvilon.
  9313 | D:9      | Found a broken altar of Ashenzari.
  9426 | D:9      | Found a hazy altar of Hepliaklqana.
  9696 | D:9      | Found a shimmering altar of Xom.
  9697 | D:9      | 9697 ||| READING 2 scrolls of identify.
  9697 | D:9      | 9697 ||| IDENTIFYING sapphire potion
  9698 | D:9      | 9698 ||| DROPPING potion of attraction.
  9820 | D:10     | Entered Level 10 of the Dungeon
  9891 | D:10     | Reached skill level 3 in Dodging
  9986 | D:10     | 9986 ||| Stepping ~*~*~tactically~*~*~ (hiding).
  9988 | D:10     | 9988 ||| Stepping ~*~*~tactically~*~*~ (hiding).
 10170 | D:10     | Noticed Sonja
 10171 | D:10     | 10171 ||| Stepping ~*~*~tactically~*~*~ (stealth).
 10173 | D:10     | 10173 ||| Stepping ~*~*~tactically~*~*~ (hiding).
 10187 | D:10     | 10187 ||| DRINKING 4 potions of curing.
 10187 | D:10     | 10187 ||| (to cure bad poison)
 10191 | D:10     | 10191 ||| INVOKING Berserk.
 10194 | D:10     | HP: 34/145 [yak (3)]
 10197 | D:10     | HP: 15/145 [yak (9)]
 10198 | D:10     | HP: 7/145 [asphyx]
 10200 | D:10     | HP: 3/145 [poisoned by Sonja (curare-tipped dart)]
 10201 | D:10     | HP: 1/145 [poisoned by Sonja (curare-tipped dart)]
 10202 | D:10     | Succumbed to Sonja's curare-tipped dart

Levels and vault maps discovered:
D:1:      ncdulo_watergridlock, layout_basic
D:2:      layout_basic
D:3:      layout_basic, hellmonk_ecumenical_altar_run_dry,
          hangedman_decor_growths
D:4:      layout_loops_cross, grunt_gozag_statues, minmay_fountain_box,
          amcnicky_mini_rare_corridor_liquid, chequers_jeans
D:5:      layout_basic, nicolae_uskayaw_suspiria, nemelex_spade_bored_becter,
          hellmonk_ghost_happy_afterlife
D:6:      layout_gridville, minmay_temple_entry_statues_pillars, serial_bayou,
          serial_bayou_crossing, serial_bayou_ford_a, serial_bayou_lake_a,
          serial_bayou_pond_e, serial_shops, shop,
          minmay_misc_feat_four_crosses, uniq_edmund
D:7:      layout_loops_ring, nicolae_qazlal_eye_of_the_storm, zin_statuary,
          uniq_duvessa, uniq_menkaure, uniq_maggie
D:8:      layout_cave_pods, enter_bailey_3, nicolae_diode_stairs, uniq_maurice,
          uniq_amaemon
D:9:      layout_cave_pools, old_standard_altar, mainiacjoe_overflow_swirl,
          nicolae_tso_carved_into_rock, elyvilon_altar_5,
          mainiacjoe_overflow_catwalk, serial_park_tiny_2, uniq_erolcha
D:10:     layout_irregular_city, nzn_overflow_gifts_of_might_and_magic,
          nrook_campfire, st_stairs_1, chequers_serial_rivers_large_a,
          uniq_sonja

Skill      XL: |  1  2  3  4  5  6  7  8  9 10 11 |
---------------+----------------------------------+-----
Axes           | 4 5 6 8 9 10 12 13 15 16 | 16.0
Armour         | 3 4 5 6 7 8 |  8.1
Fighting       | 4 6 8 9 |  9.4
Throwing       | 3 4 |  4.9
Shields        | 5 6 |  6.0
Dodging        | 3 |  3.0

Action                   |  1- 3 |  4- 6 |  7- 9 | 10-12 || total
-------------------------+-------+-------+-------+-------++-------
Melee: Hand axe          |    79 |    56 |       |       ||   135
       Headbutt          |    12 |    10 |    30 |    54 ||   106
       Punch             |     1 |     1 |     2 |       ||     4
       War axe           |       |    44 |   240 |   219 ||   503
Throw: Javelin           |       |       |     6 |    10 ||    16
Invok: Berserk           |     2 |     3 |    14 |     4 ||    23
       Trog's Hand       |       |       |       |     1 ||     1
  Use: Scroll            |     7 |     8 |     8 |     3 ||    26
       Potion            |     2 |     2 |     2 |     1 ||     7
Armor: Animal skin       |     3 |       |       |       ||     3
       Plate armour      |    24 |    44 |   111 |    83 ||   262
Dodge: Dodged            |    26 |    24 |    81 |    50 ||   181
Block: Buckler           |       |       |    12 |    78 ||    90

Table legend:
 A = Non-vault XP
 B = Vault XP
 C = Vault XP percentage of total XP
 D = Non-vault monster count
 E = Vault monster count
 F = Vault count percentage of total count
                 A         B        C        D         E       F
            +---------+---------+-------+---------+---------+-------
      Total |   11626 |    3585 |  23.6 |     206 |      15 |   6.8
            +---------+---------+-------+---------+---------+-------
        D:1 |      40 |       0 |   0.0 |      21 |       0 |   0.0
        D:2 |      62 |       0 |   0.0 |      18 |       0 |   0.0
        D:3 |      63 |       0 |   0.0 |      14 |       0 |   0.0
        D:4 |     415 |       0 |   0.0 |      22 |       0 |   0.0
        D:5 |    1147 |       0 |   0.0 |      27 |       0 |   0.0
        D:6 |     942 |     157 |  14.3 |      20 |       1 |   4.8
        D:7 |     542 |    1259 |  69.9 |      14 |       5 |  26.3
        D:8 |    5479 |    1206 |  18.0 |      47 |       6 |  11.3
        D:9 |     865 |     867 |  50.1 |       8 |       1 |  11.1
       D:10 |    2071 |      96 |   4.4 |      15 |       2 |  11.8
            +---------+---------+-------+---------+---------+-------
